 Dungeon Crawl Stone Soup version 0.31-a0-846-gb3bcc0d938 (webtiles) character file.

Game seed: 6906511323122795353

419 senseless the Ducker (level 6, 0/28 HPs)
             Began as a Felid Shapeshifter on Oct 3, 2023.
             Was an Initiate of Dithmenos.
             Succumbed to a water moccasin's poison
             ... in a sewer.
             The game lasted 00:06:15 (3064 turns).

senseless the Ducker (Felid Shapeshifter)           Turns: 3064, Time: 00:06:16

Health: 0/28       AC:  2    Str: 16    XL:     6   Next: 62%
Magic:  7/7        EV: 20    Int: 11    God:    Dithmenos [......]
Gold:   132        SH:  0    Dex: 18    Spells: 4/5 levels left
                                        Lives:  0   Deaths: 2

rFire   . .          .
                       - Unarmed
rCold   . . .        (shield unavailable)
rNeg    . . .        (body armour unavailable)
rPois   +            (helmet unavailable)
rElec   .            (cloak unavailable)
rCorr   .            (gloves unavailable)
SInv    +            (boots unavailable)
Will    .....        (no amulet)
Stlth   ++           f - +6 ring of strength
HPRegen 0.24/turn    j - ring of poison resistance
MPRegen 0.10/turn

%: no passive effects
@: lethally poisoned (0 -> -2), beast-form, quick
A: beast (slay +2), very small, claws 1, fangs 3, see invisible, speed 1, shaggy
fur 2, stealthy paws, no weapons or thrown items, no armour, multi-lived
a: Begin Untransformation, Renounce Religion


You were in a sewer.
You worshipped Dithmenos.
Dithmenos was noncommittal.
You were a hulking beast.
You visited 1 branch of the dungeon, and saw 4 of its levels.
You also visited: Sewer.

You collected 132 gold pieces.

Inventory:

Jewellery
 f - a +6 ring of strength (left paw)
 i - a ring of positive energy
 j - a ring of poison resistance (right paw)
Talismans
 b - a beast talisman (active)
 c - a flux talisman
Scrolls
 e - a scroll of fog
 g - a scroll of poison {unknown}
 l - a scroll of blinking {unknown}
 m - a scroll of immolation {unknown}
 n - a scroll of summoning {unknown}
 p - a scroll of torment {unknown}
Potions
 a - 3 potions of invisibility
 d - 3 potions of enlightenment
 h - a potion of might
 k - a potion of brilliance {unknown}
 o - a potion of curing {unknown}


   Skills:
 + Level 3.3 Fighting
 + Level 5.1 Dodging
 + Level 2.1 Stealth
 + Level 4.4 Unarmed Combat
 + Level 4.6 Shapeshifting


You had 4 spell levels left.
You knew the following spells:

 Your Spells              Type           Power      Damage    Failure   Level
a - Summon Small Mammal   Summ           0%         N/A       34%         1

Your spell library contained the following spells:

 Spells                   Type           Power      Damage    Failure   Level
 Sting                    Tmut/Pois      0%         1d3       34%         1
 Poisonous Vapours        Pois/Air       0%         N/A       47%         2
 Call Canine Familiar     Summ           0%         N/A       71%         3
 Ignite Poison            Fire/Tmut/Pois 0%         N/A       71%         3
 Summon Guardian Golem    Hex/Summ       0%         N/A       71%         3
 Leda's Liquefaction      Hex/Erth       0%         N/A       98%         4
 Olgreb's Toxic Radiance  Pois           0%         N/A       98%         4
 Lee's Rapid Deconstruct  Erth           0%         3d4*      100%        5


Dungeon Overview and Level Annotations

Branches:
Dungeon (4/15)              Sewer (1/1)
 Temple: D:4-7

Altars:
Cheibriados
Dithmenos
Fedhas


Innate Abilities, Weirdness & Mutations

You are a hulking beast.
Your limbs bulge with bestial killing power. (Slay +2)
You have sharp claws.
You have razor-sharp teeth.
You have supernaturally acute eyesight. (SInv)
You cover ground quickly. (Speed+)
You are covered in thick fur. (AC +2)
Your paws help you pounce on unaware monsters.
You are incapable of wielding weapons or throwing items.
You cannot wear armour.
You gain extra lives every three experience levels.


Message History

You are too injured to fight recklessly!
You are too injured to fight recklessly!
You are too injured to fight recklessly!
You are too injured to fight recklessly!
You are too injured to fight recklessly!
You are too injured to fight recklessly!
You are too injured to fight recklessly!
You are too injured to fight recklessly!
You are too injured to fight recklessly!
You are too injured to fight recklessly!
You are too injured to fight recklessly!
You are too injured to fight recklessly!
You are too injured to fight recklessly!
You are too injured to fight recklessly!
You are too injured to fight recklessly!
You are too injured to fight recklessly!
You scratch the water moccasin.
The water moccasin is heavily wounded.
You feel very sick.
The water moccasin completely misses you. x2
You scratch the water moccasin.
The water moccasin is heavily wounded.
You feel sick. The water moccasin misses you.
You scratch the water moccasin.
The water moccasin is severely wounded.
You feel sick. The water moccasin barely misses you.
You scratch the water moccasin.
The water moccasin is almost dead.
You feel sick. The water moccasin bites you.
* * * LOW HITPOINT WARNING * * *
The water moccasin misses you.
You closely miss the water moccasin.
You bite the water moccasin, but do no damage.
The water moccasin is almost dead.
You feel sick. The water moccasin bites you.
* * * LOW HITPOINT WARNING * * *
You claw the water moccasin!
You kill the water moccasin!
Dithmenos accepts your kill.
You die...

####### ##$|$$$##
#..$($..#
#.......#
#.......#
#.......#
#...h...#
##.....## #######
###.### ##.....##
#!# #...≈...## #.#
...≈≈≈...#######.#
∩.≈≈≈≈≈..........#
...≈≈≈...#######.#
#..†≈...## #.#


There were no monsters in sight!

Vanquished Creatures
  A water moccasin (Sewer)
  A howler monkey (D:4)
  2 hounds
  An orc priest (D:4)
  Jessica (D:2)
  An iguana (D:3)
  8 gnolls
  7 adders
  An ufetubus (D:4)
  2 dart slugs
  9 orcs
  8 endoplasms
  4 giant cockroaches
  7 goblins
  8 hobgoblins
  4 quokkas
  5 ball pythons
  8 bats
  3 frilled lizards (D:1)
  8 kobolds
  6 rats
95 creatures vanquished.

Notes
Turn   | Place    | Note
-------+----------+-------------------------------------------
     0 | D:1      | senseless the Felid Shapeshifter began the quest for the
                  | Orb.
     0 | D:1      | Reached XP level 1. HP: 9/9 MP: 2/2
   229 | D:1      | Reached skill level 3 in Dodging
   291 | D:1      | Reached XP level 2. HP: 12/12 MP: 3/3
   698 | D:1      | Learned a level 1 spell: Summon Small Mammal
   893 | D:1      | Reached XP level 3. HP: 11/16 MP: 4/4
  1175 | D:2      | Found a faded altar of an unknown god.
  1357 | D:2      | HP: 1/24 [gnoll/+0 whip (2)]
  1361 | D:2      | Mangled by a gnoll
  1521 | D:2      | Reached XP level 4. HP: 11/19 MP: 5/5
  1604 | D:2      | Noticed Jessica
  1608 | D:2      | Killed Jessica
  1750 | D:2      | Reached skill level 4 in Dodging
  1774 | D:2      | Reached XP level 5. HP: 12/23 MP: 6/6
  2090 | D:3      | Found a blossoming altar of Fedhas.
  2090 | D:3      | Found a snail-covered altar of Cheibriados.
  2429 | D:3      | Found a shadowy altar of Dithmenos.
  2438 | D:3      | Got a mumbling book
  2440 | D:3      | Became a worshipper of Dithmenos the Shadowed
  2746 | D:4      | Noticed a centaur
  2750 | D:4      | Gained mutation: You are covered in thick fur. (AC +2)
                  | [Felid growth]
  2750 | D:4      | Reached XP level 6. HP: 6/28 MP: 7/7
  2751 | D:4      | Slain by a centaur
  2765 | D:4      | Reached skill level 1 in Stealth
  2892 | D:4      | Reached skill level 5 in Dodging
  3017 | D:4      | Found a glowing drain.
  3028 | Sewer    | Entered a sewer
  3049 | Sewer    | Noticed a water moccasin
  3063 | Sewer    | HP: 1/28 [water moccasin (3)]
  3064 | Sewer    | Killed a water moccasin
  3064 | Sewer    | Succumbed to a water moccasin's poison

Illustrated notes

Levels and vault maps discovered:
D:1:      reono_arrival_forest_river, layout_loops_corners,
          lexackson_kobold_supper
D:2:      layout_basic, shapermc_ecumenical_altar_mp_urbaneastern,
          minmay_liquid_box, uniq_jessica
D:3:      layout_basic, minitemple, minmay_misc_feat_x
D:4:      layout_basic, portal_sewer_entry_d, minmay_pentomino_pile
Sewer:    sewer_big_baddie

Skill      XL: |  1  2  3  4  5  6 |
---------------+-------------------+-----
Dodging        | 3 4 5 |  5.1
Fighting       | 2 3 |  3.3
Shapeshifting  | 4 |  4.6
Unarmed Combat | 4 |  4.4
Stealth        | 2 |  2.1

Action                     |  1- 3 |  4- 6 || total
---------------------------+-------+-------++-------
  Melee: Unarmed           |    81 |   135 ||   216
         Bite              |     2 |    15 ||    17
         Punch             |     3 |     7 ||    10
    Use: Potion            |     1 |       ||     1
         Scroll            |       |     6 ||     6
   Stab: Sleeping          |     4 |     3 ||     7
 Armour: Skin              |    24 |    30 ||    54
  Dodge: Dodged            |    46 |   101 ||   147

Table legend: (Time is in decaauts)
 A = Elapsed time spent in this place.
 B = Non-inter-level travel time spent in this place.
 C = Inter-level travel time spent in this place.
 D = Time resting spent in this place.
 E = Time spent auto-exploring this place.
 F = Levels seen in this place.
 G = Mean time per level.
                   A        B        C        D        E       F      G
               +--------+--------+--------+--------+--------+-----+--------+
         Total |   2575 |   2500 |     75 |      7 |   2032 |   5 |  515.0 |
       Dungeon |   2545 |   2470 |     75 |      7 |   2022 |   4 |  636.2 |
         Sewer |     30 |     30 |      0 |      0 |     10 |   1 |   30.0 |
               +--------+--------+--------+--------+--------+-----+--------+

Top non-repeatable levels by time:
     D:1: 897 daAuts
     D:2: 855 daAuts
     D:3: 528 daAuts
     D:4: 264 daAuts
   Sewer: 30 daAuts
